 Dungeon Crawl Stone Soup version 0.29-a0-359-g541a27f54d (webtiles) character file.

Game seed: 15772903950536616095

277 zeratav the Archer (level 6, -1/35 HPs)
             Began as a Tengu Hunter on Apr 27, 2022.
             Slain by a scorpion (2 damage)
             ... on level 3 of the Dungeon.
             The game lasted 00:07:22 (3373 turns).

zeratav the Archer (Tengu Hunter)                   Turns: 3373, Time: 00:07:23

Health: -1/35      AC:  7    Str: 11    XL:     6   Next: 26%
Magic:  7/7        EV: 14    Int: 10    God:
Gold:   124        SH:  0    Dex: 19    Spells: 5/5 levels left

rFire   + . .      SeeInvis .   a - +1 shortbow {bow}
rCold   + . .      Faith    .   (shield currently unavailable)
rNeg    . . .      Spirit   .   b - +0 leather armour
rPois   +          Reflect  .   (helmet restricted)
rElec   +          Harm     .   (no cloak)
rCorr   +          Rampage  .   (no gloves)
Will    .....                   (boots unavailable)
Stlth   ++........              (no amulet)
HPRegen 0.11/turn               u - +4 ring of protection
MPRegen 0.10/turn               (no ring)

@: lethally poisoned (-1 -> -9), resistant, attractive, flying quickly and
evasively, quick
A: beak, talons 3, nimble flight
a: no special abilities


You were on level 3 of the Dungeon.
You visited 1 branch of the dungeon, and saw 4 of its levels.

You collected 124 gold pieces.


Innate Abilities, Weirdness & Mutations

You have a beak for a mouth.
You have claws for feet.
Your magical nature lets you fly swiftly and evasively.


   Skills:
 - Level 2.0 Fighting
 + Level 8.1 Bows
 - Level 2.1 Dodging
 - Level 1.0 Stealth


You had 5 spell levels left.
You didn't know any spells.
Your spell library contained the following spells:

 Spells                   Type           Power      Damage    Failure   Level
 Call Canine Familiar     Summ           0%         N/A       83%         3
 Gell's Gravitas          Tloc           0%         N/A       83%         3
 Lesser Beckoning         Tloc           0%         N/A       83%         3
 Portal Projectile        Hex/Tloc       0%         N/A       83%         3
 Teleport Other           Tloc           0%         N/A       83%         3
 Leda's Liquefaction      Hex/Erth       0%         N/A       99%         4
 Blade Hands              Tmut           0%         N/A       100%        5
 Irradiate                Conj/Tmut      0%         3d13      100%        5
 Dragon Form              Tmut           0%         N/A       100%        7

Inventory:

Hand Weapons
 a - a +1 shortbow (weapon) {bow}
Armour
 b - a +0 leather armour (worn)
 f - a +0 robe
   (You found it on level 3 of the Dungeon)
Jewellery
 u - a +4 ring of protection (left hand)
   (You found it on level 3 of the Dungeon)
Scrolls
 c - a scroll of immolation {!r!r}
 d - a scroll of blinking {unknown}
 g - a scroll of fear {unknown}
 h - 3 scrolls of identify {unknown}
 k - a scroll of amnesia {unknown}
 m - a scroll of enchant weapon {unknown}
 o - a scroll of summoning {unknown}
 p - a scroll of holy word {unknown}
Potions
 e - a potion of degeneration {unknown}
 i - a potion of resistance
 j - a potion of attraction {!q}
 l - 2 potions of flight {unknown}
 n - a potion of curing {unknown}
 v - a potion of lignification {unknown}

Dungeon Overview and Level Annotations

Branches:
Dungeon (4/15)
 Temple: D:4-7

Altars:
Trog
Yredelemnul

Shops:
D:1

? #.# #.............## # #.#
####.###<#.####..#### #.#
#........#........... #######.###
#.##.##..######..####
..........###.##.##..###.....#
.........................#...#
#######.#..##.##.##.#.##.....####
........##.##.##o##.#.###.#......
##########.##...@...#.###.#...###
# #.#####s####.##......... # #.#
#.####.##..#...### #
#.#####..............# #
#....................## #
###############.##....## #
#.##..#.#. ###### #.##..#.#.
.....# #.##......


You could see a scorpion and an orc.


Message History

Items here: )) ÷÷.
Items here: )) ÷÷.
You see here 23 stones {throwing}.
A moth of wrath is nearby!
You see here a +0 quarterstaff {staff}.
You see here 23 stones {throwing}.
Things that are here:
a +0 club {mace}; a +0 whip {mace}
Things that are here:
a +0 club {mace}; a +0 club {mace}
There is a stone staircase leading up here.
There is a stone staircase leading down here.
There is a stone staircase leading up here.
Done exploring.
Done exploring.
(D) Dungeon
Where to? (Enter - D:3, ? - help)
There is a stone staircase leading up here.
Items here: ))) [[[[.
There is a stone staircase leading down here.
You fly downwards.
The adder hisses angrily. x2; The ball python hisses angrily.
You hear a shout!
Found a viscous white potion and a scroll labelled GIEGEN QAXTYRPH.
Found a stone staircase leading up.
There is a stone staircase leading up here.
There are monsters nearby!
You shoot an arrow.
The arrow barely misses the ball python.
You shoot an arrow. The arrow misses the adder.
You shoot an arrow. The arrow closely misses the adder.
You shoot an arrow. The arrow hits the adder.
The adder barely misses you. x2
An orc comes into view. It is wielding a +0 hand axe.
The ball python closely misses you. x2; The adder misses you.
The adder bites you but does no damage.
You shoot an arrow. The arrow hits the adder!
You kill the adder!
The adder bites you but does no damage.
The ball python bites you but does no damage.
The ball python barely misses you.
A scorpion comes into view.
Your Bows skill increases to level 8!
You shoot an arrow. The arrow hits the adder.
The adder misses you. The ball python closely misses you.
The ball python grabs you. The ball python constricts you.
The adder barely misses you. The ball python barely misses you.
The ball python constricts you.
You shoot an arrow. The arrow hits the ball python.
You kill the ball python!
A ball python comes into view.
The adder closely misses you.
You shoot an arrow. The arrow closely misses the adder.
The adder completely misses you. The adder misses you.
The orc barely misses you.
You shoot an arrow. The arrow hits the adder.
The adder closely misses you. The orc completely misses you.
An endoplasm comes into view.
The scorpion stings you.
You shoot an arrow. The arrow closely misses the adder.
The endoplasm quivers.
The adder misses you. The orc hits you but does no damage.
The scorpion stings you. The adder closely misses you.
You shoot an arrow. The arrow barely misses the adder.
The arrow hits the ball python.
You kill the ball python!
The adder closely misses you. The scorpion stings you.
You are poisoned.
The scorpion poisons you! The orc hits you but does no damage.
You shoot an arrow. The arrow hits the adder!
You kill the adder!
You feel sick. The scorpion stings you.
You are lethally poisoned!
The scorpion poisons you! The orc hits you with a +0 hand axe.
The scorpion barely misses you.
HP[-17]
You take 17 damage, and now have 18/35 hp.
MASSIVE DAMAGE!! (PAUSE)
* * * LOW HITPOINT WARNING * * *
You feel very sick. The orc completely misses you.
The scorpion stings you but does no damage.
You fly upwards.
* * * LOW HITPOINT WARNING * * *
You feel very sick.
There is a stone staircase leading down here.
HP[-10]
You take 10 damage, and now have 8/35 hp.
MASSIVE DAMAGE!! (PAUSE)
Okay, then.
Okay, then.
It was a potion of resistance.
You feel protected.
* * * LOW HITPOINT WARNING * * *
You feel sick. The orc barely misses you. The scorpion stings you.
* * * LOW HITPOINT WARNING * * *
HP[-5]
You take 5 damage, and now have 3/35 hp.
It was a potion of attraction.
You feel attractive to monsters.
* * * LOW HITPOINT WARNING * * *
You feel sick. The scorpion stings you.
You die...

Skill      XL: |  1  2  3  4  5  6 |
---------------+-------------------+-----
Bows           | 5 6 7 8 |  8.1
Fighting       | |  2.0
Dodging        | |  2.1
Stealth        | |  1.0

Action                   |  1- 3 |  4- 6 || total
-------------------------+-------+-------++-------
 Fire: Shortbow          |    86 |   144 ||   230
  Use: Potion            |       |     2 ||     2
Armor: Leather armour    |    16 |    13 ||    29
Dodge: Dodged            |    21 |    70 ||    91

Levels and vault maps discovered:
D:1:      psy_arrival_radial02, layout_basic, serial_shops, nicolae_shop_stone,
          ebering_ecumenical_altar_sacrificial, minmay_worlds_worst_comb
D:2:      minmay_alternating_diamond, layout_basic, basic_altar, uniq_robin
D:3:      layout_loops_ring, tgw_trog
D:4:      layout_loops_ring, temple_statues, minmay_bent, uniq_blork_the_orc

Notes
Turn   | Place    | Note
-------+----------+-------------------------------------------
     0 | D:1      | zeratav the Tengu Hunter began the quest for the Orb.
     0 | D:1      | Reached XP level 1. HP: 12/12 MP: 2/2
     0 | D:1      | magus.rc [v1.9.6]
   165 | D:1      | Found a faded altar of an unknown god.
   249 | D:1      | Reached XP level 2. HP: 17/17 MP: 3/3
   655 | D:1      | Reached skill level 5 in Bows
   745 | D:1      | HP: 4/17 [quokka (1)]
   747 | D:1      | HP: 1/17 [quokka (3)]
  1159 | D:1      | Reached XP level 3. HP: 21/21 MP: 4/4
  1516 | D:1      | Found Weclauv's Magic Scroll Shoppe.
  1576 | D:2      | You pick up a book of the Hunter and begin reading...
  1576 | D:2      | You add the spells Call Canine Familiar, Portal Projectile
                  | and Leda's Liquefaction to your library.
  1653 | D:2      | You pick up a book of Displacement and begin reading...
  1653 | D:2      | You add the spells Lesser Beckoning, Gell's Gravitas and
                  | Teleport Other to your library.
  1724 | D:2      | Reached skill level 6 in Bows
  1724 | D:2      | Reached XP level 4. HP: 26/26 MP: 5/5
  2103 | D:2      | Noticed Robin
  2114 | D:2      | Killed Robin
  2115 | D:2      | Gained mutation: Your magical nature lets you fly swiftly
                  | and evasively. [Tengu growth]
  2115 | D:2      | Reached XP level 5. HP: 10/30 MP: 6/6
  2393 | D:2      | Reached skill level 7 in Bows
  2402 | D:2      | Found a basalt altar of Yredelemnul.
  2693 | D:3      | Reached XP level 6. HP: 30/35 MP: 7/7
  2926 | D:3      | You pick up a book of Transfigurations {@e2} and begin
                  | reading...
  2926 | D:3      | You add the spells Irradiate, Blade Hands and Dragon Form
                  | to your library.
  3079 | D:3      | Noticed a moth of wrath
  3082 | D:3      | Found a bloodstained altar of Trog.
  3363 | D:4      | Reached skill level 8 in Bows
  3371 | D:3      | HP: 8/35 [poisoned by a scorpion]
  3372 | D:3      | HP: 3/35 [scorpion (4)]
  3373 | D:3      | HP: 1/35 [poisoned by a scorpion]
  3373 | D:3      | Slain by a scorpion

Vanquished Creatures
  A jelly (D:3)
  A hound (D:3)
  Robin (D:2)
  4 gnolls (D:2)
  7 adders
  A worm (D:3)
  5 orcs (D:3)
  10 endoplasms
  7 giant cockroaches
  8 goblins
  10 hobgoblins
  4 jackals (D:2)
  4 quokkas
  9 ball pythons
  8 bats
  4 frilled lizards
  4 kobolds
  10 rats
98 creatures vanquished.

Table legend:
 A = Non-vault XP
 B = Vault XP
 C = Vault XP percentage of total XP
 D = Non-vault monster count
 E = Vault monster count
 F = Vault count percentage of total count
                 A         B        C        D         E       F
            +---------+---------+-------+---------+---------+-------
      Total |     305 |      92 |  23.2 |      75 |      23 |  23.5
            +---------+---------+-------+---------+---------+-------
        D:1 |      33 |       6 |  15.4 |      20 |       3 |  13.0
        D:2 |     132 |      48 |  26.7 |      30 |      12 |  28.6
        D:3 |     139 |       9 |   6.1 |      24 |       5 |  17.2
        D:4 |       1 |      29 |  96.7 |       1 |       3 |  75.0
            +---------+---------+-------+---------+---------+-------

Illustrated notes

Table legend:
 A = Kills in this place as a percentage of kills in entire the game.
 B = Kills by you in this place as a percentage of kills by you in the entire game.
 C = Kills by friends in this place as a percentage of kills by friends in the entire game.
 D = Other kills in this place as a percentage of other kills in the entire game.
 E = Experience gained in this place as a percentage of experience gained in the entire game.
 F = Experience gained in this place divided by the number of levels of this place that you have seen.
                   A       B       C       D       E      F
               +-------+-------+-------+-------+-------+----------------------
         Total | 100.0 | 100.0 |   N/A |   N/A | 100.0 |  99.2
       Dungeon | 100.0 | 100.0 |   N/A |   N/A | 100.0 |  99.2
               +-------+-------+-------+-------+-------+----------------------

Table legend: (Time is in decaauts)
 A = Elapsed time spent in this place.
 B = Non-inter-level travel time spent in this place.
 C = Inter-level travel time spent in this place.
 D = Time resting spent in this place.
 E = Time spent auto-exploring this place.
 F = Levels seen in this place.
 G = Mean time per level.
                   A        B        C        D        E       F      G
               +--------+--------+--------+--------+--------+-----+--------+
         Total |   3342 |   3263 |     79 |    259 |   2508 |   4 |  835.5 |
       Dungeon |   3342 |   3263 |     79 |    259 |   2508 |   4 |  835.5 |
               +--------+--------+--------+--------+--------+-----+--------+

Top non-repeatable levels by time:
     D:1: 1591 daAuts
     D:2: 940 daAuts
     D:3: 794 daAuts
     D:4: 15 daAuts
